 Dungeon Crawl Stone Soup version 0.30-a0-743-gbfdf073431 (webtiles) character file.

Game seed: 10763208652726058536

37 Darkkill the Shooter (level 3, -2/31 HPs)
             Began as a Minotaur Hunter on Feb 7, 2023.
             Slain by a gnoll
             ... wielding a +0 spear
              (4 damage)
             ... on level 1 of the Dungeon.
             The game lasted 00:00:51 (613 turns).

Darkkill the Shooter (Minotaur Hunter)               Turns: 613, Time: 00:00:52

Health: -2/31      AC:  4    Str: 15    XL:     3   Next: 21%
Magic:  2/2        EV: 12    Int:  6    God:
Gold:   17         SH:  0    Dex: 15    Spells: 2/2 levels left

rFire   . . .      SeeInvis .    a - +0 shortbow
rCold   . . .      Faith    .    (shield currently unavailable)
rNeg    . . .      Spirit   .    c - +0 leather armour
rPois   .          Reflect  .    g - +0 hat
rElec   .          Harm     .    f - +0 cloak
rCorr   .          Rampage  .    (no gloves)
Will    .....                    (no boots)
Stlth   ++                       (no amulet)
HPRegen 0.25/turn                (no ring)
MPRegen 0.08/turn                (no ring)

@: no status effects
A: horns 2, retaliatory headbutt
a: no special abilities


You were on level 1 of the Dungeon.
You visited 1 branch of the dungeon, and saw 1 of its levels.

You collected 17 gold pieces.

Inventory:

Hand Weapons
 a - a +0 shortbow (weapon)
Missiles
 d - 11 stones
 h - 5 curare-tipped darts {=f !f}
Armour
 c - a +0 leather armour (worn)
 f - a +0 cloak (worn)
 g - a +0 hat (worn)
Scrolls
 b - a scroll of immolation
Potions
 e - a potion of might {unknown}


   Skills:
 + Level 3.1 Fighting
 + Level 4.7 Ranged Weapons
 + Level 2.8 Dodging
 + Level 1.4 Stealth


You had 2 spell levels left.
You didn't know any spells.
Your spell library contained the following spells:

 Spells                   Type           Power      Damage    Failure   Level
 Summon Forest            Summ/Tloc      0%         N/A       100%        5
 Summon Mana Viper        Hex/Summ       0%         N/A       100%        5
 Summon Cactus Giant      Summ           0%         N/A       100%        6


Dungeon Overview and Level Annotations

Branches:
Dungeon (1/15)

Altars:


Innate Abilities, Weirdness & Mutations

You have a pair of horns on your head.
You reflexively headbutt those who attack you in melee.


Message History

No target in view!
There is an open door here.
Found a cloak.
No target in view!
You open the door.
There is an open door here.
A quokka comes into view.
You shoot an arrow. The arrow hits the quokka!
You kill the quokka!
You hear a shout!
Found a robe.
A kobold comes into view. It is wielding a +0 dagger.
You shoot an arrow. The arrow closely misses the kobold.
You hear a shout!
You hear a bark!
You hear a shout! x2
A kobold is nearby!
You shoot an arrow. The arrow closely misses the kobold.
You hear an angry hiss.
A kobold is nearby!
You shoot an arrow.
The arrow hits the kobold but does no damage.
You hear a bark!
The kobold closely misses you.
A jackal comes into view.
There are monsters nearby!
You shoot an arrow. The arrow hits the kobold.
You kill the kobold!
A kobold comes into view. It is wielding a +0 club.
There are monsters nearby!
You shoot an arrow. The arrow closely misses the jackal.
A gnoll comes into view. It is wielding a +0 spear.
The jackal misses you. You furiously retaliate!
You headbutt the jackal.
There are monsters nearby!
You shoot an arrow. The arrow hits the jackal.
You kill the jackal!
You hear an angry hiss.
A ball python comes into view.
The kobold throws a stone.
The stone hits you but does no damage.
There are monsters nearby!
You shoot an arrow. The arrow barely misses the kobold.
The ball python hisses angrily.
The arrow hits the gnoll.
The gnoll is lightly wounded.
There are monsters nearby!
You shoot an arrow. The arrow hits the kobold!
You kill the kobold!
There are monsters nearby!
You shoot an arrow. The arrow closely misses the gnoll.
The arrow hits the ball python.
You kill the ball python!
A frilled lizard comes into view.
The gnoll hits you from afar with a +0 spear!
There are monsters nearby!
You shoot an arrow. The arrow closely misses the gnoll.
The arrow closely misses the frilled lizard.
A hobgoblin comes into view. It is wielding a +0 spear.
The gnoll completely misses you.
There are monsters nearby!
You shoot an arrow. The arrow barely misses the gnoll.
The gnoll barely misses you.
You shoot an arrow.
The arrow closely misses the frilled lizard.
A bat comes into view.
The frilled lizard misses you. You furiously retaliate!
You headbutt the frilled lizard!
You kill the frilled lizard!
The gnoll barely misses you.
You shoot an arrow.
The arrow hits the gnoll but does no damage.
The gnoll is lightly wounded.
The hobgoblin hits you from afar with a +0 spear.
The gnoll hits you from afar with a +0 spear.
The gnoll barely misses you.
The hobgoblin hits you but does no damage.
You are too injured to fight recklessly!
You are too injured to fight recklessly!
You are too injured to fight recklessly!
Fire: a) +0 shortbow
Press: ? - help, Q - select action, (/) - cycle Shift-Dir - straight line, f/p - gnoll
Aim: a gnoll, wielding a +0 spear (lightly wounded, 65% to hit)
You shoot an arrow. The arrow barely misses the gnoll.
The arrow hits the bat!
You kill the bat!
The hobgoblin barely misses you. The gnoll hits you but does no damage.
Fire: a) +0 shortbow
Press: ? - help, Q - select action, (/) - cycle Shift-Dir - straight line, f/p - gnoll
Aim: a gnoll, wielding a +0 spear (lightly wounded, 65% to hit)
You shoot an arrow. The arrow hits the gnoll.
The gnoll is moderately wounded.
The hobgoblin hits you from afar with a +0 spear.
The gnoll hits you from afar with a +0 spear!
* * * LOW HITPOINT WARNING * * *
Fire: a) +0 shortbow
Press: ? - help, Q - select action, (/) - cycle Shift-Dir - straight line, p - gnoll You can't see that place.
Okay, then.
This is a scroll of acquirement!
Something appears at your feet!
The hobgoblin hits you from afar with a +0 spear.
* * * LOW HITPOINT WARNING * * *
The gnoll hits you from afar with a +0 spear.
You die...

####### #.....#
#.....# #..[..#
..##########.....#
#....)@...'.....#
#.##g.#####.....#
..†g. #.....#
...†##[
#.....####### .##
## ###..........
#..........
##.........
#.........
#.........


You could see a gnoll and a hobgoblin.

Vanquished Creatures
  A gnoll (D:1)
  A dart slug (D:1)
  An endoplasm (D:1)
  3 hobgoblins (D:1)
  A jackal (D:1)
  8 kobolds (D:1)
  2 quokkas (D:1)
  2 ball pythons (D:1)
  A bat (D:1)
  3 frilled lizards (D:1)
  A rat (D:1)
24 creatures vanquished.

Notes
Turn   | Place    | Note
-------+----------+-------------------------------------------
     0 | D:1      | Darkkill the Minotaur Hunter began the quest for the Orb.
     0 | D:1      | Reached XP level 1. HP: 18/18 MP: 0/0
    66 | D:1      | Reached skill level 1 in Stealth
   188 | D:1      | Reached XP level 2. HP: 8/25 MP: 1/1
   537 | D:1      | Reached XP level 3. HP: 31/31 MP: 2/2
   613 | D:1      | Identified a scroll of acquirement
   613 | D:1      | Acquired the ring "Yhasmier" {Ice rElec rPois MP-9 Str+5}
   613 | D:1      | HP: 2/31 [hobgoblin/+0 spear (6)]
   613 | D:1      | Slain by a gnoll

Illustrated notes

Levels and vault maps discovered:
D:1:      minmay_arrival_four_houses, layout_basic, minmay_pentomino_w4

Skill      XL: |  1  2 |
---------------+-------+-----
Stealth        | 1 |  1.4
Fighting       | 3 |  3.1
Ranged Weapons | |  4.7
Dodging        | |  2.8

Action                     || total
---------------------------++-------
   Fire: Shortbow          ||    65
    Use: Scroll            ||     1
 Armour: Leather armour    ||     9
  Dodge: Dodged            ||    16

Table legend: (Time is in decaauts)
 A = Elapsed time spent in this place.
 B = Non-inter-level travel time spent in this place.
 C = Inter-level travel time spent in this place.
 D = Time resting spent in this place.
 E = Time spent auto-exploring this place.
 F = Levels seen in this place.
 G = Mean time per level.
                   A        B        C        D        E       F      G
               +--------+--------+--------+--------+--------+-----+--------+
         Total |    632 |    632 |      0 |      0 |    510 |   1 |  632.0 |
       Dungeon |    632 |    632 |      0 |      0 |    510 |   1 |  632.0 |
               +--------+--------+--------+--------+--------+-----+--------+

Top non-repeatable levels by time:
     D:1: 632 daAuts

Table legend:
 A = Kills in this place as a percentage of kills in entire the game.
 B = Kills by you in this place as a percentage of kills by you in the entire game.
 C = Kills by friends in this place as a percentage of kills by friends in the entire game.
 D = Other kills in this place as a percentage of other kills in the entire game.
 E = Experience gained in this place as a percentage of experience gained in the entire game.
 F = Experience gained in this place divided by the number of levels of this place that you have seen.
                   A       B       C       D       E      F
               +-------+-------+-------+-------+-------+----------------------
         Total | 100.0 | 100.0 |   N/A |   N/A | 100.0 |  53.0
       Dungeon | 100.0 | 100.0 |   N/A |   N/A | 100.0 |  53.0
               +-------+-------+-------+-------+-------+----------------------
